Map: Orbital Shipyard

Players

LindyHop

  • Race: Zerg Zerg
  • League: Platinum

vatueil - Winner!

  • Race: Zerg Zerg

VOD

Have the link to the VOD?

Description

Time

  • Played on: Jan. 12, 2016, 8:10 p.m.
  • Length: 16:25
Show
View Real Time Build Order
Export as new Build Order

LindyHop Zerg 

Build Orders: Hatch First 

Get SALT Encoding   

  12  0:01  Drone  
  13  0:12  Overlord  
  13  0:18  Drone  
  14  0:30  Drone x2  
  14  0:34  Drone  
  17  0:53  Hatchery  
  16  0:58  Drone  
  17  1:10  Spawning Pool  
  16  1:12  Drone  
  16  1:17  Extractor  
  16  1:18  Drone  
  17  1:21  Drone  
  18  1:27  Drone  
  19  1:38  Overlord  
  19  1:57  Queen  
  21  2:02  Spine Crawler  
  21  2:04  Spine Crawler  
  19  2:10  Zergling x4  
  21  2:16  Spine Crawler, Zergling x2  
  21  2:35  Baneling Nest  
  20  2:40  Zergling x4  
  20  2:41  Zergling x2  
  23  2:54  Metabolic Boost  
  23  3:07  Drone x4  
  27  3:16  Overlord  
  27  3:21  Drone  
  27  3:25  Drone  
  29  3:32  Drone x2  
  31  3:40  Drone x2  
  33  3:49  Zergling x4  
  35  4:02  Drone x2  
  37  4:03  Drone x2  
  39  4:14  Baneling x2  
  39  4:15  Baneling x4  
  39  4:18  Zergling x2  
  39  4:19  Zergling x8  
  43  4:43  Drone  
  43  4:48  Overlord x2  
  43  4:49  Overlord  
  43  4:57  Drone  
  43  4:58  Drone  
  41  5:04  Lair  
  41  5:11  Drone x4, Queen  
  41  5:13  Extractor  
  46  5:18  Hatchery  
  44  5:33  Baneling  
  44  5:34  Baneling x3  
  44  5:35  Drone x7  
  51  5:43  Drone x2, Extractor x2  
  49  5:59  Drone x2  
  47  6:14  Drone x5  
  52  6:19  Zergling x2  
  52  6:20  Spire  
  52  6:22  Zergling x2  
  51  6:28  Overlord  
  51  6:42  Baneling x2  
  51  6:47  Baneling  
  51  6:48  Baneling  
  51  6:50  Drone x5, Extractor  
  51  6:51  Drone, Extractor  
  55  7:02  Spine Crawler  
  55  7:08  Drone x4  
  57  7:09  Drone x2  
  57  7:11  Zergling x2  
  61  7:18  Hatchery  
  60  7:24  Overlord x2  
  60  7:31  Pneumatized Carapace  
  60  7:33  Mutalisk  
  60  7:34  Mutalisk x4  
  60  7:36  Evolution Chamber  
  69  7:37  Evolution Chamber, Queen  
  69  7:44  Zerg Flyer Weapons Level 1  
  70  7:46  Mutalisk  
  72  7:55  Mutalisk  
  72  7:57  Zergling x8  
  72  7:58  Zergling x8  
  82  8:04  Roach Warren  
  82  8:05  Mutalisk  
  81  8:07  Mutalisk  
  85  8:15  Zergling x6  
  85  8:16  Zergling x2  
  85  8:19  Mutalisk x2  
  91  8:26  Mutalisk  
  95  8:30  Mutalisk  
  97  8:40  Mutalisk  
  99  8:43  Mutalisk  
  101  8:55  Zergling x6  
  104  8:56  Overlord x2  
  104  8:57  Overlord x2  
  104  9:01  Baneling x3  
  104  9:02  Baneling  
  104  9:05  Overlord x2  
  104  9:14  Hatchery  
  103  9:18  Zergling x2  
  103  9:19  Zergling x12  
  103  9:22  Baneling x4  
  110  9:30  Roach  
  110  9:31  Roach x2  
  113  9:37  Roach x2  
  111  9:43  Roach x2  
  111  9:45  Roach  
  109  9:53  Roach x3  
  109  9:57  Baneling x5  
  115  10:10  Drone  
  115  10:11  Drone x5  
  121  10:19  Drone x2, Spine Crawler x2  
  121  10:21  Drone  
  122  10:37  Roach  
  122  10:38  Drone x2  
  122  10:39  Drone x4  
  130  10:56  Centrifical Hooks  
  117  11:02  Roach x3  
  120  11:08  Drone x4  
  110  11:20  Zergling x16  
  112  11:26  Hatchery, Zergling x6  
  112  11:30  Drone  
  112  11:32  Drone, Spine Crawler  
  114  11:40  Baneling x5  
  114  11:41  Baneling  
  114  11:44  Baneling  
  114  11:45  Baneling x2  
  114  11:52  Baneling x3  
  114  11:53  Baneling  
  115  11:59  Zergling x2  
  115  12:00  Zergling x8  
  114  12:03  Zergling x8  
  102  12:13  Zergling x2  
  102  12:15  Zergling x2  
  93  12:16  Zergling x10  
  93  12:19  Baneling  
  93  12:20  Baneling  
  87  12:23  Baneling  
  87  12:24  Baneling x3  
  87  12:29  Zergling x8  
  82  12:35  Zergling x2  
  82  12:36  Zergling x4  
  85  12:37  Zergling x2  
  85  12:41  Baneling x5  
  86  12:50  Drone x3  
  84  12:55  Hatchery  
  83  13:03  Drone x4  
  87  13:17  Roach x2  
  82  13:39  Roach x2  
  82  13:40  Roach x2  
  71  13:41  Roach  
  70  13:50  Drone  
  71  14:11  Roach  
  71  14:12  Roach x5  
  71  14:16  Roach  
  85  14:19  Roach  
  85  14:23  Roach  
  89  14:29  Roach  
  91  14:39  Drone x3  
  89  14:46  Roach  
  89  14:47  Roach x3  
  89  14:50  Roach  
  89  14:55  Roach  
  77  15:04  Roach  
  78  15:09  Roach  
  78  15:13  Drone  
  79  15:30  Drone x2  
  79  15:31  Drone  
  82  15:48  Roach  
  82  15:49  Roach  
  62  15:59  Roach  
Show
View Real Time Build Order
Export as new Build Order

vatueil Zerg - Winner!

Build Orders: Pool First 

Get SALT Encoding   

  12  0:01  Drone  
  13  0:13  Drone  
  14  0:20  Overlord  
  14  0:27  Extractor  
  14  0:28  Drone  
  15  0:42  Drone, Spawning Pool  
  15  0:45  Drone  
  15  0:48  Extractor  
  15  0:51  Drone  
  17  0:57  Drone  
  17  1:19  Hatchery  
  16  1:28  Zergling x2  
  16  1:29  Zergling x2  
  16  1:30  Zergling x2  
  19  1:45  Queen  
  21  1:51  Metabolic Boost  
  21  1:58  Overlord  
  21  2:06  Drone  
  22  2:22  Baneling Nest  
  21  2:32  Drone x2  
  21  2:33  Drone x2  
  25  2:50  Queen  
  25  2:51  Queen  
  27  2:57  Drone x3  
  32  3:24  Baneling  
  32  3:25  Baneling x4  
  32  3:26  Hatchery  
  31  3:36  Drone  
  31  3:37  Drone x4  
  36  3:44  Overlord  
  38  4:02  Zergling x4  
  38  4:03  Zergling x8  
  42  4:11  Queen  
  44  4:25  Overlord x2  
  44  4:43  Drone x3  
  39  5:02  Zergling x18  
  48  5:16  Drone x2  
  50  5:31  Drone x4  
  50  5:32  Drone x2  
  56  5:37  Drone x2  
  57  5:52  Evolution Chamber  
  56  5:59  Evolution Chamber, Baneling x4  
  56  6:00  Baneling x3  
  56  6:02  Zergling x8  
  51  6:29  Queen x3  
  57  6:33  Drone x8  
  57  6:35  Overlord x4  
  65  6:41  Spine Crawler, Zerg Melee Weapons Level 1  
  64  6:57  Drone x6  
  70  7:06  Hatchery  
  69  7:17  Drone  
  69  7:18  Zergling x16  
  69  7:19  Zergling x2  
  69  7:22  Lair, Hatchery  
  78  7:39  Zergling x16  
  86  7:48  Overlord x2  
  86  7:49  Overlord x2  
  86  7:58  Extractor  
  86  8:02  Queen  
  87  8:06  Queen  
  87  8:12  Zerg Ground Armor Level 1  
  89  8:14  Zergling x22  
  89  8:15  Overlord  
  100  8:22  Overlord x2  
  100  8:26  Hatchery  
  99  8:36  Spore Crawler, Queen  
  99  8:37  Spore Crawler, Queen  
  101  8:41  Spore Crawler  
  101  8:42  Spore Crawler  
  101  8:44  Spore Crawler  
  101  8:46  Spore Crawler  
  97  8:58  Zergling x22  
  97  8:59  Zergling x10  
  113  9:22  Zergling x22  
  116  9:32  Queen x2  
  116  9:33  Queen  
  116  9:35  Zerg Melee Weapons Level 2  
  80  9:46  Zergling x20  
  80  9:47  Zergling x4  
  80  9:49  Queen x2  
  94  9:56  Zergling x24  
  94  9:57  Zergling x4  
  98  10:22  Zergling x10  
  98  10:23  Zergling x34  
  120  10:33  Infestation Pit  
  115  10:44  Zerg Ground Armor Level 2  
  115  10:47  Zergling x22  
  104  11:11  Zergling x22  
  109  11:18  Zergling x24  
  102  11:28  Zergling x8  
  102  11:29  Zergling x12  
  100  11:53  Hatchery  
  74  12:09  Zergling x32  
  74  12:10  Zergling x10  
  82  12:24  Zergling x16  
  87  12:31  Baneling  
  87  12:32  Baneling x9  
  87  12:52  Zergling x20  
  87  12:57  Baneling x3  
  94  13:13  Hatchery  
  93  13:31  Hive  
  57  13:59  Zergling x26  
  57  14:00  Zergling x38  
  89  14:16  Zergling x2  
  90  14:35  Zergling x10  
  90  14:36  Zergling x24  
  88  15:06  Queen x2  
  82  15:09  Zergling x20  
  92  15:24  Zergling x6  
  95  15:38  Overlord  
  92  15:47  Zergling x20  
Tags
 
Add a new tag
Caveats
  • Supply blocks, unpowered buildings, or Contaminate may cause inaccurate times.
  • Supply counts are checked every 10 seconds.